 Dungeon Crawl Stone Soup version 0.25-a0-310-g60f0ac2d9a (webtiles) character file.

Game seed: 16753910502115148607, levelgen mode: classic

10024 Borgoz the Protected (level 11, -6/100 HPs)
             Began as a Gargoyle Berserker on Dec 23, 2019.
             Was an Elder of Trog.
             Mangled by a red ugly thing (14 damage)
             ... on level 12 of the Dungeon.
             The game lasted 00:16:32 (10875 turns).

Borgoz the Protected (Gargoyle Berserker)          Turns: 10875, Time: 00:16:33

Health: -6/100     AC: 28    Str: 26    XL:     11   Next: 55%
Magic:  11/11      EV: 17    Int:  8    God:    Trog [****..]
Gold:   502        SH:  0    Dex: 16    Spells: 10/10 levels left

rFire    . . .     SeeInvis .   a - +0 war axe (elec)
rCold    . . .     Gourm    .   (no shield)
rNeg     + . .     Faith    .   E - +0 ring mail
rPois    ∞         Spirit   .   (no helmet)
rElec    +         Reflect  .   m - +2 cloak {rPois}
rCorr    .         Harm     .   t - +0 pair of gloves
MR       .....                  (no boots)
Stlth    ..........             (no amulet)
HPRegen  0.26/turn              u - +4 ring of dexterity
MPRegen  0.12/turn              I - ring of Robustness {AC+8}

@: berserking (expiring), very quick
A: negative energy resistance 1, electricity resistance, unbreathing,
petrification resistance, rot immunity, AC +8
a: Berserk, Trog's Hand, Brothers in Arms, Renounce Religion


You were on level 12 of the Dungeon.
You worshipped Trog.
Trog was greatly pleased with you.
You were hungry.

You visited 1 branch of the dungeon, and saw 12 of its levels.
You also visited: Sewer.

You collected 652 gold pieces.
You spent 150 gold pieces at shops.

Inventory:

Hand Weapons
 a - a +0 war axe of electrocution (weapon)
 b - a +2 mace of holy wrath
Armour
 m - a +2 cloak of poison resistance (worn)
 t - a +0 pair of gloves (worn)
 E - a +0 ring mail (worn)
Jewellery
 k - an uncursed amulet of rage
 l - an uncursed ring of ice
 p - an uncursed ring of protection from magic
 u - a +4 ring of dexterity (left hand)
 C - the ring "Notsasof" {rC+ rN+}
   (You found it on level 5 of the Dungeon)

   [ring of protection from cold]

   It protects you from cold.
   It protects you from negative energy.
 I - the ring of Robustness (right hand) {AC+8}
   (You found it on level 7 of the Dungeon)

   [ring of protection]

   It affects your AC (+8).
 J - an uncursed ring of positive energy
Wands
 D - a wand of flame (34)
 G - a wand of acid (22)
 L - a wand of iceblast (10)
Scrolls
 d - a scroll of random uselessness {unknown}
 e - 3 scrolls of teleportation {unknown}
 f - 2 scrolls of magic mapping {unknown}
 j - 6 scrolls of enchant armour {unknown}
 n - 4 scrolls of fear
 q - a scroll of blinking {unknown}
 y - 4 scrolls of remove curse
 z - a scroll of immolation {unknown}
 A - 2 scrolls of enchant weapon {unknown}
 B - 3 scrolls of fog
 F - a scroll of identify
 H - a scroll of amnesia {unknown}
Potions
 g - 3 potions of brilliance
 h - 2 potions of might {unknown}
 i - 7 potions of heal wounds
 o - 7 potions of curing
 r - 4 potions of mutation
 s - a potion of ambrosia
 v - a potion of invisibility
 x - 2 potions of flight
 K - a potion of cancellation
Comestibles
 c - 19 rations
 w - 3 chunks of flesh


   Skills:
 + Level 7.2 Fighting
 + Level 9.4 Axes
 + Level 10.8 Armour
 + Level 8.4 Dodging


You had 10 spell levels left.
You didn't know any spells.
Your spell library was empty.

Dungeon Overview and Level Annotations

Branches:
Dungeon (12/15)            Temple (0/1) D:5            Lair (0/6) D:9
  Sewer (visited)
    Orc: D:9-12

Altars:
Ashenzari
Cheibriados
Elyvilon
Gozag
Kikubaaqudgha
Nemelex Xobeh
Qazlal
Sif Muna
Trog
Uskayaw
Vehumet
Yredelemnul
Zin

Shops:
D:7 !*   D:10 }

Annotations:
D:11 Gastronok, Josephine, Sonja


Innate Abilities, Weirdness & Mutations

You are resistant to torment.
Your stone body is resilient. (AC +8)
You are immune to poison.
You resist negative energy. (rN+)
You are resistant to electric shocks. (rElec)
You can survive without breathing.
You are immune to petrification.
You are immune to rotting.


Message History

You hit the red ugly thing but do no damage.
The red ugly thing is moderately wounded.
The red ugly thing misses you.
You slash the red ugly thing!
The red ugly thing is heavily wounded.
You hit the red ugly thing.
The red ugly thing is heavily wounded.
The red ugly thing headbutts you!
You are engulfed in flames!!
* * * LOW HITPOINT WARNING * * *
You closely miss the red ugly thing.
The red ugly thing is heavily wounded.
The red ugly thing headbutts you but does no damage.
You hit the red ugly thing.
The red ugly thing is severely wounded.
You slash the red ugly thing!
The red ugly thing is severely wounded.
The red ugly thing headbutts you.
* * * LOW HITPOINT WARNING * * *
You are engulfed in flames!
You die...

# . .# ####+### .#
#.....<### #.#####
#......'.# .......
#......#>###)......
#.....^#..@uo......
#......#####5..[...
###+#### ###.### ..
.


You could see a red ugly thing, a crimson imp and an orc.

Vanquished Creatures
  An unseen horror (D:11)
  A cyclops (D:11)
  A hippogriff (D:7)
  6 slime creatures (D:12)
  3 wraiths (D:11)
  A spriggan (D:7)
  A wyvern (D:8)
  The ghost of mopl the Chopper, an amateur HOMo (D:3)
  16 yaks
  2 vampire mosquitoes (D:12)
  3 wargs (D:9)
  2 water moccasins
  A sky beast (D:11)
  2 ice beasts (D:10)
  A phantom (D:4)
  11 ogres
  3 big kobolds
  5 bullfrogs
  A wyvern zombie (D:7)
  A water moccasin skeleton (D:4)
  4 killer bees (D:9)
  A scorpion (D:4)
  3 howler monkeys
  A bullfrog zombie (D:8)
  A crimson imp (D:8)
  A quasit (D:6)
  A centaur zombie (D:7)
  5 hounds
  3 jellies
  6 orc priests
  Crazy Yiuf (D:2)
  5 bullfrog skeletons
  A centaur skeleton (D:7)
  6 orc wizards
  3 iguanas
  4 worker ants
  A killer bee zombie (D:6)
  A mummy (D:8)
  4 gnolls (D:10)
  11 adders
  A shadow imp (D:6)
  2 oozes
  An adder skeleton (D:8)
  4 worms
  2 dart slugs
  8 leopard geckos
  18 orcs
  14 giant cockroaches
  11 goblins
  11 hobgoblins
  11 jackals
  34 kobolds
  3 quokkas
  5 ball pythons
  5 bats
  13 frilled lizards
  A quokka zombie (D:7)
  12 rats
  A spectral orc (D:6)
  A plant (D:9)
284 creatures vanquished.

Vanquished Creatures (collateral kills)
  Pikel (D:8)
  4 slaves (D:8)
  A hound (D:8)
6 creatures vanquished.

Vanquished Creatures (others)
  A human (D:3)
1 creature vanquished.

Grand Total: 291 creatures vanquished

Notes
Turn   | Place    | Note
-------+----------+-------------------------------------------
     0 | D:1      | Borgoz the Gargoyle Berserker began the quest for the Orb.
     0 | D:1      | Reached XP level 1. HP: 14/14 MP: 1/1
   309 | D:1      | Reached XP level 2. HP: 15/19 MP: 2/2
   750 | D:1      | Reached XP level 3. HP: 23/23 MP: 3/3
  1080 | D:2      | Reached ** piety under Trog
  1392 | D:2      | Reached skill level 3 in Armour
  1450 | D:2      | Reached XP level 4. HP: 29/29 MP: 4/4
  1567 | D:2      | Found a bloodstained altar of Trog.
  1945 | D:2      | Found a runed translucent door.
  1946 | D:2      | Noticed Crazy Yiuf
  2134 | D:2      | Killed Crazy Yiuf
  2134 | D:2      | Reached XP level 5. HP: 33/33 MP: 5/5
  2583 | D:3      | Found a sparkling altar of Nemelex Xobeh.
  2603 | D:3      | Reached *** piety under Trog
  2838 | D:3      | Found a runed translucent gate.
  2838 | D:3      | Found an opulent altar of Gozag.
  2838 | D:3      | Found a runed translucent gate.
  2838 | D:3      | Found a runed translucent gate.
  2840 | D:3      | Noticed mopl's ghost (amateur HOMo)
  2881 | D:3      | Found an ancient bone altar of Kikubaaqudgha.
  2899 | D:3      | Noticed a human
  2900 | D:3      | Killed a human
  3100 | D:3      | Found an opulent altar of Gozag.
  3101 | D:3      | Found a glowing silver altar of Zin.
  3102 | D:3      | Found a shimmering blue altar of Sif Muna.
  3316 | D:4      | Reached XP level 6. HP: 35/39 MP: 6/6
  3353 | D:4      | Found a glowing drain.
  3364 | D:4      | Reached skill level 4 in Armour
  3380 | Sewer    | Entered a sewer
  3589 | Sewer    | Reached **** piety under Trog
  3689 | D:4      | Reached XP level 7. HP: 4/44 MP: 7/7
  3907 | D:4      | Reached skill level 5 in Armour
  4420 | D:4      | Noticed a +0 hand axe
  4421 | D:4      | Found a hide-covered altar of Uskayaw.
  4422 | D:4      | Noticed a +0 dagger
  4602 | D:5      | Entered Level 5 of the Dungeon
  4634 | D:5      | Reached skill level 5 in Axes
  4646 | D:5      | Found a staircase to the Ecumenical Temple.
  4683 | D:5      | Got an ancient wooden ring
  4700 | D:5      | Reached XP level 8. HP: 46/48 MP: 8/8
  4728 | D:5      | Identified the ring "Notsasof" {rC+ rN+} (You found it on
                  | level 5 of the Dungeon)
  5285 | D:6      | Reached skill level 6 in Armour
  5316 | D:6      | Found a basalt altar of Yredelemnul.
  5575 | D:6      | Found a radiant altar of Vehumet.
  5796 | D:3      | Killed mopl's ghost
  5796 | D:3      | Reached skill level 5 in Dodging
  6058 | D:7      | Reached skill level 7 in Armour
  6164 | D:7      | Noticed a hippogriff
  6172 | D:7      | Reached XP level 9. HP: 48/52 MP: 9/9
  6604 | D:8      | Reached ***** piety under Trog
  6604 | D:8      | Received a gift from Trog
  6606 | D:8      | Noticed Pikel
  6629 | D:8      | Killed Pikel
  6629 | D:8      | Reached skill level 8 in Armour
  7441 | D:8      | Found a snail-covered altar of Cheibriados.
  7809 | D:7      | Found the ring of Robustness {AC+8}
  7937 | D:7      | Found Ynoump's Lightly-Used Armoury.
  7990 | D:7      | Found Pohoj's Distillery.
  7993 | D:7      | Bought a potion of heal wounds for 75 gold pieces
  7993 | D:7      | Bought a potion of heal wounds for 75 gold pieces
  8013 | D:7      | Found a shattered altar of Ashenzari.
  8387 | D:9      | Found a staircase to the Lair.
  8424 | D:9      | Reached XP level 10. HP: 25/58 MP: 10/10
  8440 | D:9      | Reached skill level 9 in Armour
  8718 | D:9      | Found a white marble altar of Elyvilon.
  9006 | D:9      | Found a stormy altar of Qazlal.
  9263 | D:10     | Entered Level 10 of the Dungeon
  9390 | D:10     | Reached skill level 5 in Fighting
  9466 | D:10     | Reached skill level 10 in Armour
  9482 | D:10     | Found Voen's Gadget Shoppe.
  9516 | D:10     | Reached XP level 11. HP: 64/64 MP: 11/11
  9869 | D:11     | Noticed Gastronok
 10171 | D:11     | Killed an unseen horror
 10209 | D:12     | Received a gift from Trog
 10631 | D:11     | Noticed a cyclops
 10642 | D:11     | Killed a cyclops
 10745 | D:11     | Noticed Josephine
 10746 | D:11     | Noticed Sonja
 10859 | D:12     | Noticed a red ugly thing
 10875 | D:12     | Mangled by a red ugly thing

Levels and vault maps discovered:
D:1:      dpeg_arrival_another_circle, layout_basic
D:2:      layout_basic, lightli_temple_of_fire, grunt_ministairs_8,
          grunt_decor_cap, uniq_crazy_yiuf_cottage
D:3:      minmay_diamond_boxcup, layout_basic, marbit_many_paths,
          grunt_temple_overflow_open, first_ration, ebering_ghost_gozag,
          tgw_kikubaaqudgha
D:4:      layout_loops_ring, dancing_weapons_uskayaw,
          cheibrodos_sewer_entry_drain, hangedman_decor_points
D:5:      layout_loops_cross, temple_pool_b
D:6:      layout_gridville, vehumet_crystals,
          yredelemnul_forgotten_temple_becter, grunt_tough_drop
D:7:      layout_cave_pools, serial_shops, nicolae_shop_behind_doors,
          minmay_shop_damaged, the_bakery, ashenzari_altar_1
D:8:      layout_layer_cave, slow_altar_2, chequers_serial_rivers_micro_b,
          uniq_pikel
D:9:      layout_loops_corners, elyvilon_altar_5,
          nicolae_overflow_hidden_temple, erik_lair_orcish_takeover, st_stairs_1
D:10:     layout_cave_pools, serial_shops, shop
D:11:     layout_basic, orc_0_dummy, basic_altar, gammafunk_ghost_mausoleum,
          uniq_gastronok, uniq_sonja, uniq_josephine
D:12:     layout_roguey, gammafunk_ghost_icy, serial_shops, shop,
          nrook_guardian_serpent_double, uniq_fannar

Skill      XL: |  1  2  3  4  5  6  7  8  9 10 11 |
---------------+----------------------------------+-----
Axes           | 3 4 5 6 7 8 9 |  9.4
Dodging        | 2 3 4 5 6 7 8 |  8.4
Armour         | 3 4 5 7 8 10 | 10.8
Fighting       | 4 6 7 |  7.2

Action                   |  1- 3 |  4- 6 |  7- 9 | 10-12 || total
-------------------------+-------+-------+-------+-------++-------
Melee: Hand axe          |   117 |   267 |   468 |       ||   852
       War axe           |       |       |    18 |   250 ||   268
       Mace              |       |       |    34 |    33 ||    67
Invok: Berserk           |       |     5 |     7 |     4 ||    16
       Trog's Hand       |       |       |     5 |     1 ||     6
       Brothers in Arms  |       |       |     1 |       ||     1
  Use: Scroll            |       |       |     9 |     4 ||    13
       Potion            |       |       |       |     1 ||     1
 Stab: Sleeping          |       |     1 |       |       ||     1
  Eat: Chunk             |     2 |    11 |    18 |     9 ||    40
       Ration            |       |       |     2 |     1 ||     3
Armor: Animal skin       |    39 |    86 |    32 |       ||   157
       Ring mail         |       |       |   209 |   162 ||   371
Dodge: Dodged            |    82 |   194 |   439 |   243 ||   958

Table legend:
 A = Non-vault XP
 B = Vault XP
 C = Vault XP percentage of total XP
 D = Non-vault monster count
 E = Vault monster count
 F = Vault count percentage of total count
                 A         B        C        D         E       F
            +---------+---------+-------+---------+---------+-------
      Total |   11857 |    2464 |  17.2 |     223 |      62 |  21.8
            +---------+---------+-------+---------+---------+-------
        D:1 |      37 |       0 |   0.0 |      20 |       0 |   0.0
        D:2 |     105 |      57 |  35.2 |      28 |       3 |   9.7
        D:3 |      67 |     264 |  79.8 |      24 |      13 |  35.1
        D:4 |     664 |       2 |   0.3 |      16 |       2 |  11.1
        D:5 |     260 |       0 |   0.0 |       6 |       0 |   0.0
        D:6 |     311 |     213 |  40.6 |       7 |       6 |  46.2
        D:7 |     841 |     205 |  19.6 |      16 |       1 |   5.9
        D:8 |    1057 |     349 |  24.8 |      29 |       2 |   6.5
        D:9 |    1271 |     597 |  32.0 |      19 |       8 |  29.6
       D:10 |    2978 |       0 |   0.0 |      31 |       0 |   0.0
       D:11 |    2309 |     638 |  21.6 |      16 |       3 |  15.8
       D:12 |    1957 |       0 |   0.0 |      11 |       0 |   0.0
      Sewer |       0 |     139 | 100.0 |       0 |      24 | 100.0
            +---------+---------+-------+---------+---------+-------
